 Dungeon Crawl Stone Soup version 0.30.0-19-g36f170ea60 (webtiles) character file.

Game seed: 14994299780266084128

97 melkoren the Sneak (level 4, -2/27 HPs)
             Began as an Octopode Hedge Wizard on May 26, 2023.
             Slain by a river rat (3 damage)
             ... in a sewer on May 27, 2023.
             The game lasted 00:25:05 (4286 turns).

melkoren the Sneak (Octopode Hedge Wizard)          Turns: 4286, Time: 00:25:06

Health: -2/27      AC:  1    Str:  9    XL:     4   Next: 68%
Magic:  1/9        EV: 13    Int: 16    God:
Gold:   113        SH:  0    Dex: 13    Spells: 1/9 levels left

rFire   . . .        i - +2 dagger (drain)
rCold   . . .        (no shield)
rNeg    . . .        b - +0 hat
rPois   .            (no amulet)
rElec   .            (no ring)
rCorr   .            (no ring)
SInv    .            (no ring)
Will    .....        (no ring)
Stlth   ++++         (no ring)
HPRegen 0.24/turn    (no ring)
MPRegen 0.11/turn    (no ring)
                     (no ring)

%: no passive effects
@: lethally poisoned (-2 -> -6)
A: almost no armour, amphibious, 8 rings, camouflage 1, gelatinous body 1,
nimble swimmer 1, tentacles
a: no special abilities


You were in a sewer.
You visited 1 branch of the dungeon, and saw 3 of its levels.
You also visited: Sewer.

You collected 113 gold pieces.

Inventory:

Hand Weapons
 a - a +0 dagger
 i - a +2 dagger of draining (weapon)
 j - a +0 quick blade
Armour
 b - a +0 hat (worn)
 k - a +0 kite shield
Potions
 c - a potion of magic
 e - a potion of berserk rage
 f - a potion of lignification
 g - a potion of heal wounds
 l - 2 potions of cancellation {unknown}
 m - a potion of haste {unknown}
 n - a potion of brilliance {unknown}


   Skills:
 + Level 2.4 Dodging
 - Level 3.4 Stealth
 * Level 1.0 Shields
 + Level 3.3 Spellcasting
 + Level 1.6 Conjurations
 - Level 1.5 Summonings
 - Level 1.4 Translocations
 + Level 0.7 Air Magic
 + Level 1.3 Poison Magic


You had one spell level left.
You knew the following spells:

 Your Spells              Type           Power      Damage    Failure   Level
a - Magic Dart            Conj           32%        1d4       9%          1
b - Blink                 Tloc           14%        N/A       16%         2
c - Call Imp              Summ           14%        N/A       14%         2
d - Mephitic Cloud        Conj/Pois/Air  6%         N/A       32%         3

Your spell library contained the following spells:

 Spells                   Type           Power      Damage    Failure   Level
 Slow                     Hex            8%         N/A       19%         1
 Cigotuvi's Dreadful Rot  Necr/Pois/Air  8%         N/A       21%         2


Dungeon Overview and Level Annotations

Branches:
Dungeon (3/15)              Sewer (1/1)

Altars:
Nemelex Xobeh

Shops:
D:1 =


Innate Abilities, Weirdness & Mutations

You cannot wear most types of armour.
You are amphibious.
You can wear up to eight rings at the same time.
Your skin changes colour to match your surroundings (Stealth+).
Your rubbery body absorbs attacks. (AC +1, EV +1)
You are camouflaged when in or above water. (Stealth+)
You have tentacles for arms and can constrict up to eight enemies at once.


Message History

The kobold brigand barely misses your cerulean imp.
The kobold hits you with a +0 dagger of venom.
You are poisoned.
The kobold hits you with a +0 dagger.
Your cerulean imp hits the kobold with a -4 spear.
As you read the scroll of fog, it crumbles to dust.
The scroll dissolves into smoke.
You feel very sick. The kobold closely misses you.
Your cerulean imp hits the kobold with a -4 spear.
The kobold dies!
You feel much better.
You feel sick. The ball python bites you. The ball python barely misses you.
The kobold closely misses you. The kobold attacks as you move away!
The kobold hits you with a +0 dagger of venom.
You are more poisoned.
You feel very sick. The ball python bites you.
The ball python barely misses you.
Your cerulean imp hits the kobold but does no damage.
The ball python closely misses you. The ball python completely misses you.
The ball python attacks as you move away!
The ball python bites you. The ball python barely misses you.
You enter the shallow water.
You feel very sick.
Your cerulean imp barely misses the kobold.
* * * LOW HITPOINT WARNING * * *
You feel very sick.
The ball python attacks as you move away!
The ball python closely misses you.
* * * LOW HITPOINT WARNING * * *
You feel sick. The ball python barely misses you. The ball python misses you.
The kobold hits your cerulean imp but does no damage.
The ball python attacks as you move away!
The ball python bites you.
* * * LOW HITPOINT WARNING * * *
The ball python closely misses you.
* * * LOW HITPOINT WARNING * * *
You feel sick.
Your cerulean imp hits the kobold but does no damage.
The river rat bites you.
You die...

≈≈≈≈≈≈≈≈≈≈≈≈≈≈≈≈ ###
###≈≈≈≈≈≈#######
?!#.!#≈≈≈≈≈≈#..#..#
!....#≈≈≈≈≈≈#.)...#
##K..##≈≈≈≈≈≈##)..##
.))..#≈≈≈≈≈≈#.....#
§§§ #≈≈≈≈≈≈#..÷..#
##§###r≈≈≈≈≈###'###
#§§§5≈S@≈≈≈≈≈≈).(##
#§§§K≈≈≈≈≈≈≈≈≈~...#
#..§~.§≈≈≈≈≈≈≈~...#
#....§~≈≈≈≈≈≈≈~...##
##....~≈≈≈≈≈≈≈...÷.#
#....#≈≈≈≈≈≈≈.....#
##..##≈≈≈≈≈≈.~....#
#..##≈≈≈≈≈≈~....##
#... #≈≈≈≈≈.....#


You could see a river rat, a ball python, a kobold (distracted, ally target) and
a friendly cerulean imp (summoned).

Vanquished Creatures
  An adder (Sewer)
  A river rat (Sewer)
  2 dart slugs
  An orc (D:3)
  4 bats
  3 endoplasms
  4 giant cockroaches
  8 goblins
  6 hobgoblins
  4 jackals (D:1)
  9 kobolds
  4 quokkas
  A ball python (D:2)
  11 rats
59 creatures vanquished.

Vanquished Creatures (collateral kills)
  An adder (D:2)
  A kobold (Sewer)
2 creatures vanquished.

Grand Total: 61 creatures vanquished

Notes
Turn   | Place    | Note
-------+----------+-------------------------------------------
     0 | D:1      | melkoren the Octopode Hedge Wizard began the quest for the
                  | Orb.
     0 | D:1      | Reached XP level 1. HP: 11/11 MP: 4/4
    26 | D:1      | Found Suil's Jewellery Emporium.
   391 | D:1      | Reached XP level 2. HP: 17/17 MP: 3/6
   908 | D:1      | Reached XP level 3. HP: 21/21 MP: 1/7
  1791 | D:2      | Learned a level 2 spell: Blink
  1794 | D:2      | Learned a level 2 spell: Call Imp
  1798 | D:2      | Learned a level 3 spell: Mephitic Cloud
  3090 | D:2      | Reached XP level 4. HP: 27/27 MP: 4/8
  3381 | D:3      | Found a sparkling altar of Nemelex Xobeh.
  3740 | D:3      | Found a glowing drain.
  3763 | Sewer    | Entered a sewer
  3791 | Sewer    | Reached skill level 1 in Poison Magic
  3988 | Sewer    | Reached skill level 1 in Shields
  4270 | Sewer    | Noticed a kobold brigand
  4286 | Sewer    | HP: 1/27 [poisoned by a kobold]
  4286 | Sewer    | Slain by a river rat

Illustrated notes

Levels and vault maps discovered:
D:1:      nicolae_arrival_washed_ashore, layout_basic, serial_shops,
          nicolae_shop_trees
D:2:      layout_basic, minmay_misc_feat_four_crosses, minmay_misc_feat_tower,
          kennysheep_doodads, kennysheep_another_room, mrwooster_statue_mirror
D:3:      layout_basic, mainiacjoe_overflow_concentric_impassable,
          portal_sewer_entry_f
Sewer:    sewer_minmay_treatment

Skill      XL: |  1  2  3  4 |
---------------+-------------+-----
Stealth        | 3 |  3.4
Poison Magic   | 1 |  1.3
Shields        | 1 |  1.0
Dodging        | |  2.4
Spellcasting   | |  3.3
Conjurations   | |  1.6
Summonings     | |  1.5
Translocations | |  1.4
Air Magic      | |  0.7

Action                     |  1- 3 |  4- 6 || total
---------------------------+-------+-------++-------
  Melee: Dagger            |    21 |    10 ||    31
         Constrict         |     7 |     3 ||    10
         Tentacles         |     2 |     2 ||     4
         Punch             |     1 |       ||     1
   Cast: Magic Dart        |    83 |    46 ||   129
         Mephitic Cloud    |     1 |     2 ||     3
         Call Imp          |     1 |     2 ||     3
    Use: Scroll            |     4 |     3 ||     7
         Potion            |     1 |     3 ||     4
 Armour: Skin              |     2 |     1 ||     3
  Dodge: Dodged            |    21 |    19 ||    40
